Wolfes vs River Frogs

Created - February 20, 2021 at 20:22

Goals
1 2 3 T
Wolfes 2 5 1 8
River Frogs 1 2 0 3
Shots
1 2 3 T
Wolfes 12 14 3 29
River Frogs 12 14 8 34

1st period

1. Wolfes , Damon Severson 13 (Kyle Rau 24) at 9:26 (PP)
2. River Frogs , Christian Hanson 12 (David Kolomatis 9, Dillon Heatherington 6) at 11:37
3. Wolfes , Eric Robinson 5 (Joe Morrow 26, Thomas Spelling 4) at 16:14

Penalties :
Ryan Fitzgerald (Lou) for Interference (Minor) at 8:54

2nd period

4. Wolfes , Max Friberg 33 (Martin Hanzal 37) at 0:53
5. Wolfes , Matthew Highmore 3 (Thomas Spelling 5, Jeffrey Foss 22) at 10:36
6. River Frogs , Andrew Gordon 18 (Nikita Zadorov 23) at 11:10
7. Wolfes , Thomas Spelling 7 (Kyle Rau 25) at 11:26 (PP)
8. Wolfes , Kyle Rau 23 (Thomas Spelling 6) at 12:21 (PP)
9. Wolfes , Alexandre Grenier 29 (Matthew Highmore 5) at 16:10
10. River Frogs , Emerson Etem 49 (Andrew Gordon 33, Christian Hanson 35) at 19:57

Penalties :
Eric Comrie (Lou) for Slashing (Minor) at 11:18 - Justin Florek served the penalty, Andrew Gordon (Lou) for Goalie Interference (Minor) at 11:36, Matt Grzelcyk (Lou) for Interference (Minor) at 14:06

3rd period

11. Wolfes , Max Friberg 34 (Martin Hanzal 38) at 0:06

Penalties :
Emerson Etem (Lou) for Interference (Minor) at 0:53, Kyle Rau (RIM) for Holding Stick (Minor) at 2:55, Eric Robinson (RIM) for Hooking (Minor) at 6:39, Eric Robinson (RIM) for Diving (Minor) at 9:42

Goalie Stats

Laurent Brossoit (RIM), 31 saves from 34 shots - (0.912), W, 22-12-3, 60:00 minutes
Thomas Greiss (Lou), 4 saves from 7 shots - (0.571), 28:34 minutes
Eric Comrie (Lou), 17 saves from 22 shots - (0.773), L, 9-7-6, 31:26 minutes

Players Stats for Wolfes

Player Name              G  A  P  +/- PIM S  H  SB GA TA FO     MP     PP MP  PK MP  
------------------------------------------------------------------------------------
Alexandre Grenier        1  0  1  -1  0   5  0  0  1  1  3/6    18:25   0:02   3:12 
Anton Karlsson           0  0  0   0  0   0  1  1  0  0  1/1    11:05   0:00   0:00 
Anton Lindholm           0  0  0   1  0   0  1  2  0  0  0/0    16:25   0:00   0:00 
Damon Severson           1  0  1   1  0   3  0  1  0  0  0/0    22:54   3:39   2:19 
Eric Robinson            1  0  1   2  4   2  1  0  0  0  0/0     9:54   0:02   0:00 
Fredrik Olofsson         0  0  0   2  0   0  1  0  0  0  1/1    15:25   2:35   0:00 
Jakub Zboril             0  0  0   1  0   0  1  1  0  0  0/0    14:10   0:00   0:00 
Jeffrey Foss             0  1  1   0  0   0  2  0  0  0  0/0    22:56   1:44   3:38 
Joe Morrow               0  1  1   2  0   0  1  0  0  1  0/0    21:47   1:44   3:38 
Kyle Rau                 1  2  3   0  2   3  1  0  0  0  6/11   15:13   2:38   1:08 
Lawson Crouse            0  0  0  -2  0   0  3  0  0  0  1/1    18:38   2:40   1:15 
Martin Hanzal            0  2  2   2  0   1  0  0  1  0  6/13   12:47   0:00   0:00 
Matthew Highmore         1  1  2   2  0   1  1  0  0  0  7/9    10:10   0:14   0:26 
Max Friberg              2  0  2   2  0   8  0  1  1  0  2/3    17:00   2:43   1:30 
Michael Stone            0  0  0  -1  0   1  0  1  0  0  0/0    21:48   3:39   2:19 
Sebastian Aho            0  0  0  -2  0   1  1  0  0  0  6/20   20:53   2:43   3:04 
Thomas Spelling          1  3  4   1  0   3  1  0  1  0  0/0    13:25   2:32   1:19 
Victor Olofsson          0  0  0   0  0   1  1  0  0  0  0/0    11:05   0:00   0:00 

Players Stats for River Frogs

Player Name              G  A  P  +/- PIM S  H  SB GA TA FO     MP     PP MP  PK MP  
------------------------------------------------------------------------------------
Aaron Ness               0  0  0  -2  0   1  0  4  0  0  0/0    19:51   2:24   1:58 
Andrew Gordon            1  1  2   1  2   9  1  0  1  0  0/2    20:29   3:08   0:35 
Austin Watson            0  0  0  -1  0   0  2  0  0  0  0/0    10:06   0:00   0:15 
Beau Starrett            0  0  0   0  0   0  0  0  0  0  0/1     1:22   0:00   1:22 
Bobby Farnham            0  0  0  -1  0   1  2  0  0  0  0/0     9:51   0:00   0:00 
Cameron Hughes           0  0  0   0  0   0  0  0  0  0  0/0     0:00   0:00   0:00 
Christian Hanson         1  1  2   0  0   5  2  1  0  0  20/34  23:22   3:08   3:22 
David Kolomatis          0  1  1   0  0   3  0  1  0  0  0/0    10:35   0:00   0:00 
Dillon Heatherington     0  1  1   0  0   0  0  1  0  0  0/0    10:35   0:00   0:00 
Dominik Simon            0  0  0  -1  0   1  1  0  0  1  5/11   16:04   2:49   0:48 
Emerson Etem             1  0  1   0  2   3  2  0  1  0  2/4    22:21   3:08   2:22 
Francis Perron           0  0  0   0  0   0  0  0  0  0  0/0     0:00   0:00   0:00 
Joakim Nordstrom         0  0  0   0  0   0  1  1  0  0  0/0    10:41   0:00   1:11 
Justin Florek            0  0  0  -1  0   1  2  0  0  0  1/1    15:51   2:49   0:35 
Matt Grzelcyk            0  0  0   0  2   0  0  0  0  0  0/0     4:37   0:00   0:00 
Maxim Mamin              0  0  0   0  0   1  0  0  0  0  3/7     9:30   0:00   0:00 
Mitch Marner             0  0  0   0  0   2  0  0  0  1  0/0     9:30   0:00   0:00 
Morgan Rielly            0  0  0  -2  0   1  1  3  0  0  0/0    19:51   2:24   1:58 
Nikita Zadorov           0  1  1   0  0   2  2  2  0  1  0/0    28:53   3:33   3:25 
Ondrej Kase              0  0  0  -1  0   0  0  1  0  0  0/0    15:16   2:49   0:00 
Richard Nejezchleb       0  0  0   0  0   0  0  0  0  0  0/0     0:00   0:00   0:00 
Ryan Fitzgerald          0  0  0  -1  2   2  0  0  0  0  1/5    10:06   0:00   0:16 
Shea Theodore            0  0  0  -1  0   2  1  2  0  1  0/0    25:42   3:33   3:25 

3 Stars

1 - Thomas Spelling (RIM)
2 - Max Friberg (RIM)
3 - Matthew Highmore (RIM)

Power Play

Wolfes - 3 on 5 Attempt(s) - 60.00%
River Frogs - 0 on 3 Attempt(s) - 0.00%

Penalty Kill

Wolfes - 3 on 3 Attempt(s) - 100.00% - Score 0 goal in Penalty Kill
River Frogs - 2 on 5 Attempt(s) - 40.00% - Score 0 goal in Penalty Kill

Team Stat

Wolfes - Hits : 16 - Faceoff Wins : 33 - Blocked Shots : 7 - Penalty Minutes : 6
River Frogs - Hits : 17 - Faceoff Wins : 32 - Blocked Shots : 16 - Penalty Minutes : 10

Official

Referees : Unknown
Linesman : Unknown

Game Notes

Thomas Greiss enters game at 11:26 of 2nd period

Finance

Level 1 -- Attendance: 1304 (65.20%) -- Ticket Income $52,160
Level 2 -- Attendance: 756 (75.60%) -- Ticket Income $15,120
Total Attendance: 2060 (68.67%)
Total Ticket Income: $67,280
Other Income: $3,364
Total Income: $70,644

Wolfes

5 vs 5 Forward 
   Center                   Left Wing                Right Wing               Time % Phy DF OF 
 1 Sebastian Aho            Lawson Crouse            Alexandre Grenier        33     1   2  2  
 2 Martin Hanzal            Fredrik Olofsson         Max Friberg              26     1   2  2  
 3 Kyle Rau                 Anton Karlsson           Victor Olofsson          22     1   2  2  
 4 Matthew Highmore         Eric Robinson            Thomas Spelling          19     1   2  2  

5 vs 5 Defense 
   Defense                  Defense                                           Time % Phy DF OF 
 1 Jeffrey Foss             Michael Stone                                     36     1   2  2  
 2 Anton Lindholm           Damon Severson                                    34     1   2  2  
 3 Joe Morrow               Jakub Zboril                                      30     1   2  2  
 4 Damon Severson           Michael Stone                                     0      1   2  2  

PowerPlay Forward 
   Center                   Left Wing                Right Wing               Time % Phy DF OF 
 1 Sebastian Aho            Lawson Crouse            Max Friberg              50     1   2  2  
 2 Kyle Rau                 Fredrik Olofsson         Thomas Spelling          50     1   2  2  

PowerPlay Defense
   Defense                  Defense                                           Time % Phy DF OF 
 1 Michael Stone            Damon Severson                                    60     1   2  2  
 2 Jeffrey Foss             Joe Morrow                                        40     1   2  2  

Penalty Kill 4 Players Forward 
   Center                   Wing                     Time % Phy DF OF 
 1 Alexandre Grenier        Sebastian Aho            60     1   2  2  
 2 Kyle Rau                 Max Friberg              40     1   2  2  

Penalty Kill 4 Players Defense
   Defense                  Defense                  Time % Phy DF OF 
 1 Jeffrey Foss             Joe Morrow               60     1   2  2  
 2 Damon Severson           Michael Stone            40     1   2  2  

Penalty Kill - 3 Players Forward 
   Forward                                           Time % Phy DF OF 
 1 Alexandre Grenier                                 60     1   2  2  
 2 Martin Hanzal                                     40     1   2  2  

Penalty Kill - 3 Players Defense
   Defense                  Defense                  Time % Phy DF OF 
 1 Jeffrey Foss             Damon Severson           60     1   2  2  
 2 Joe Morrow               Jakub Zboril             40     1   2  2  

4 vs 4 Forward 
   Center                   Wing                     Time % Phy DF OF 
 1 Martin Hanzal            Victor Olofsson          60     1   2  2  
 2 Kyle Rau                 Max Friberg              40     1   2  2  

4 vs 4 Defense
   Defense                  Defense                  Time % Phy DF OF 
 1 Jeffrey Foss             Anton Lindholm           60     1   2  2  
 2 Damon Severson           Jakub Zboril             40     1   2  2  

Last Minutes Offensive
   Center                   Left Wing                Right Wing               Defense                  Defense                  
   Sebastian Aho            Fredrik Olofsson         Max Friberg              Joe Morrow               Damon Severson           

Last Minutes Defensive
   Center                   Left Wing                Right Wing               Defense                  Defense                  
   Martin Hanzal            Lawson Crouse            Alexandre Grenier        Anton Lindholm           Jeffrey Foss             

Goaltenders
Starting : Laurent Brossoit         
Backup : Ebbe Siönäs              

Extra Forwards
Normal : Thomas Spelling, Eric Robinson, Matthew Highmore - PP : Matthew Highmore, Eric Robinson - PK : Thomas Spelling
Extra Defensemen
Normal : Jakub Zboril, Anton Lindholm, Joe Morrow - PP : Jakub Zboril - PK : Anton Lindholm, Jakub Zboril
Penalty Shots
Sebastian Aho, Martin Hanzal, Damon Severson, Alexandre Grenier, Max Friberg

Scratches
Blake Pietila (Left Knee Injury), Kevin Stenlund (Healthy), Zachary Senyshyn (Healthy), Austin Wuthrich (Healthy), Louis Belpedio (Healthy)
Cameron Darcy (Healthy), Nolan Vesey (Healthy), Vaclav Karabacek (Healthy), Kyle Pettit (Healthy), Dylan Sadowy (Healthy)

River Frogs

5 vs 5 Forward 
   Center                   Left Wing                Right Wing               Time % Phy DF OF 
 1 Christian Hanson         Emerson Etem             Andrew Gordon            40     1   2  2  
 2 Dominik Simon            Justin Florek            Ondrej Kase              30     1   2  2  
 3 Ryan Fitzgerald          Austin Watson            Bobby Farnham            20     1   2  2  
 4 Maxim Mamin              Joakim Nordstrom         Mitch Marner             10     1   2  2  

5 vs 5 Defense 
   Defense                  Defense                                           Time % Phy DF OF 
 1 Nikita Zadorov           Shea Theodore                                     40     1   2  2  
 2 Morgan Rielly            Aaron Ness                                        30     1   2  2  
 3 David Kolomatis          Dillon Heatherington                              20     1   2  2  
 4 Matt Grzelcyk            Nikita Zadorov                                    10     1   2  2  

PowerPlay Forward 
   Center                   Left Wing                Right Wing               Time % Phy DF OF 
 1 Christian Hanson         Emerson Etem             Andrew Gordon            60     1   2  2  
 2 Dominik Simon            Justin Florek            Ondrej Kase              40     1   2  2  

PowerPlay Defense
   Defense                  Defense                                           Time % Phy DF OF 
 1 Nikita Zadorov           Shea Theodore                                     60     1   2  2  
 2 Morgan Rielly            Aaron Ness                                        40     1   2  2  

Penalty Kill 4 Players Forward 
   Center                   Wing                     Time % Phy DF OF 
 1 Emerson Etem             Christian Hanson         60     1   2  2  
 2 Andrew Gordon            Justin Florek            40     1   2  2  

Penalty Kill 4 Players Defense
   Defense                  Defense                  Time % Phy DF OF 
 1 Nikita Zadorov           Shea Theodore            60     1   2  2  
 2 Morgan Rielly            Aaron Ness               40     1   2  2  

Penalty Kill - 3 Players Forward 
   Forward                                           Time % Phy DF OF 
 1 Emerson Etem                                      60     1   2  2  
 2 Christian Hanson                                  40     1   2  2  

Penalty Kill - 3 Players Defense
   Defense                  Defense                  Time % Phy DF OF 
 1 Nikita Zadorov           Shea Theodore            60     1   2  2  
 2 Morgan Rielly            Aaron Ness               40     1   2  2  

4 vs 4 Forward 
   Center                   Wing                     Time % Phy DF OF 
 1 Emerson Etem             Christian Hanson         60     1   2  2  
 2 Andrew Gordon            Justin Florek            40     1   2  2  

4 vs 4 Defense
   Defense                  Defense                  Time % Phy DF OF 
 1 Nikita Zadorov           Shea Theodore            60     1   2  2  
 2 Morgan Rielly            Aaron Ness               40     1   2  2  

Last Minutes Offensive
   Center                   Left Wing                Right Wing               Defense                  Defense                  
   Christian Hanson         Emerson Etem             Andrew Gordon            Nikita Zadorov           Shea Theodore            

Last Minutes Defensive
   Center                   Left Wing                Right Wing               Defense                  Defense                  
   Christian Hanson         Emerson Etem             Andrew Gordon            Nikita Zadorov           Shea Theodore            

Goaltenders
Starting : Eric Comrie              
Backup : Thomas Greiss            

Extra Forwards
Normal : Richard Nejezchleb, Francis Perron, Beau Starrett - PP : Richard Nejezchleb, Francis Perron - PK : Beau Starrett
Extra Defensemen
Normal : David Kolomatis, Dillon Heatherington, Matt Grzelcyk - PP : David Kolomatis - PK : Dillon Heatherington, Matt Grzelcyk
Penalty Shots
Emerson Etem, Christian Hanson, Andrew Gordon, Justin Florek, Ondrej Kase

Scratches
Jared Knight (Healthy), Matt Calvert (Healthy), Phoenix Copley (Healthy)

% Time on Ice - Wolfes

Lines # - Real PCT - Wanted PCT - Time Play
Normal Forward
1 - 32% - 33% - 15:23
2 - 26% - 26% - 12:50
3 - 23% - 22% - 11:05
4 - 19% - 19% - 9:22
Normal Defense
1 - 36% - 36% - 17:26
2 - 34% - 34% - 16:33
3 - 29% - 30% - 14:10
4 - 1% - 0% - 0:31
PP Forward
1 - 51% - 50% - 2:45
2 - 49% - 50% - 2:38
PP Defense
1 - 68% - 60% - 3:39
2 - 32% - 40% - 1:44
PK Forward
1 - 75% - 60% - 4:27
2 - 25% - 40% - 1:30
PK Defense
1 - 61% - 60% - 3:38
2 - 39% - 40% - 2:19
PK3 Forward
1 - 0% - 60%
2 - 0% - 40%
PK3 Defense
1 - 0% - 60%
2 - 0% - 40%
44 Forward
1 - 0% - 60%
2 - 0% - 40%
44 Defense
1 - 0% - 60%
2 - 0% - 40%
Last Minute Offensive  - 0:00
Last Minute Defensive  - 0:00
Total
Forward - 60:00
Defense - 60:00

% Time on Ice - River Frogs

Lines # - Real PCT - Wanted PCT - Time Play
Normal Forward
1 - 35% - 40% - 16:52
2 - 26% - 30% - 12:27
3 - 20% - 20% - 9:51
4 - 20% - 10% - 9:30
Normal Defense
1 - 38% - 40% - 18:44
2 - 32% - 30% - 15:29
3 - 22% - 20% - 10:35
4 - 8% - 10% - 3:52
PP Forward
1 - 53% - 60% - 3:08
2 - 47% - 40% - 2:49
PP Defense
1 - 60% - 60% - 3:33
2 - 40% - 40% - 2:24
PK Forward
1 - 89% - 60% - 4:48
2 - 11% - 40% - 0:35
PK Defense
1 - 63% - 60% - 3:25
2 - 37% - 40% - 1:58
PK3 Forward
1 - 0% - 60%
2 - 0% - 40%
PK3 Defense
1 - 0% - 60%
2 - 0% - 40%
44 Forward
1 - 0% - 60%
2 - 0% - 40%
44 Defense
1 - 0% - 60%
2 - 0% - 40%
Last Minute Offensive  - 0:00
Last Minute Defensive  - 0:00
Total
Forward - 60:00
Defense - 60:00

Play-by-Play

1st period


0:01 of 1st period - Christian Hanson wins face-off versus Sebastian Aho in neutral zone.
0:10 of 1st period - Snap shot by Emerson Etem.
0:10 of 1st period - Shot Misses the Net.
0:16 of 1st period - Slapshot by Andrew Gordon.
0:16 of 1st period - Stopped by Laurent Brossoit with a rebound.
0:56 of 1st period - Slapshot by Michael Stone.
0:56 of 1st period - Shot Blocked by Morgan Rielly.
0:58 of 1st period - Snap shot by Kyle Rau.
0:58 of 1st period - Shot Blocked by Aaron Ness.
1:57 of 1st period - Snap shot by Max Friberg.
1:57 of 1st period - Stopped by Eric Comrie with a rebound.
1:59 of 1st period - Slapshot by Joe Morrow.
1:59 of 1st period - Deflect By Martin Hanzal.
1:59 of 1st period - Shot Misses the Net.
1:59 of 1st period - Puck is out of play.
2:00 of 1st period - Kyle Rau wins face-off versus Ryan Fitzgerald in River Frogs zone.
2:09 of 1st period - Kyle Rau is hit by Austin Watson and loses puck.
2:26 of 1st period - Andrew Gordon is hit by Matthew Highmore and loses puck.
2:53 of 1st period - Slapshot by Damon Severson.
2:53 of 1st period - Shot Blocked by Joakim Nordstrom.
2:55 of 1st period - Slapshot by Alexandre Grenier.
2:55 of 1st period - Stopped by Eric Comrie with a rebound.
2:57 of 1st period - Wrist shot by Alexandre Grenier.
2:57 of 1st period - Shot Misses the Net.
3:31 of 1st period - Snap shot by Kyle Rau.
3:31 of 1st period - Deflect By Victor Olofsson.
3:31 of 1st period - Stopped by Eric Comrie with a rebound.
3:37 of 1st period - Slapshot by Damon Severson.
3:37 of 1st period - Shot Hit the Post.
3:59 of 1st period - Snap shot by Bobby Farnham.
3:59 of 1st period - Stopped by Laurent Brossoit with a rebound.
4:16 of 1st period - Wrist shot by Alexandre Grenier.
4:16 of 1st period - Stopped by Eric Comrie with a rebound.
4:22 of 1st period - Snap shot by Mitch Marner.
4:22 of 1st period - Stopped by Laurent Brossoit with a rebound.
4:50 of 1st period - Snap shot by Sebastian Aho.
4:50 of 1st period - Shot Blocked by Dillon Heatherington.
4:52 of 1st period - Snap shot by Lawson Crouse.
4:52 of 1st period - Shot Misses the Net.
4:54 of 1st period - Wrist shot by Sebastian Aho.
4:54 of 1st period - Shot Blocked by David Kolomatis.
4:58 of 1st period - Snap shot by Alexandre Grenier.
4:58 of 1st period - Stopped by Eric Comrie without a rebound.
4:59 of 1st period - Martin Hanzal wins face-off versus Christian Hanson in River Frogs zone.
5:06 of 1st period - Joe Morrow is hit by Andrew Gordon and loses puck.
5:33 of 1st period - Snap shot by Kyle Rau.
5:33 of 1st period - Shot Blocked by Morgan Rielly.
5:35 of 1st period - Wrist shot by Jakub Zboril.
5:35 of 1st period - Shot Blocked by Morgan Rielly.
6:23 of 1st period - Jakub Zboril is hit by Christian Hanson.
7:08 of 1st period - Wrist shot by Martin Hanzal.
7:08 of 1st period - Shot Misses the Net.
7:15 of 1st period - Icing by Matt Grzelcyk.
7:16 of 1st period - Matthew Highmore wins face-off versus Maxim Mamin in River Frogs zone.
7:53 of 1st period - Slapshot by Andrew Gordon.
7:53 of 1st period - Stopped by Laurent Brossoit with a rebound.
8:04 of 1st period - Off-side.
8:05 of 1st period - Dominik Simon wins face-off versus Kyle Rau in neutral zone.
8:30 of 1st period - David Kolomatis is hit by Sebastian Aho and loses puck.
8:35 of 1st period - Snap shot by Sebastian Aho.
8:35 of 1st period - Shot Misses the Net.
8:54 of 1st period - Minor Penalty to Ryan Fitzgerald for Interference.
8:55 of 1st period - Emerson Etem wins face-off versus Sebastian Aho in River Frogs zone.
9:26 of 1st period - Slapshot by Damon Severson.
9:26 of 1st period - Goal by Damon Severson - Wolfes : 1 - River Frogs : 0.
9:27 of 1st period - Christian Hanson wins face-off versus Sebastian Aho in neutral zone.
10:15 of 1st period - Snap shot by Bobby Farnham.
10:15 of 1st period - Deflect By Ryan Fitzgerald.
10:15 of 1st period - Stopped by Laurent Brossoit with a rebound.
10:56 of 1st period - Off-side.
10:57 of 1st period - Christian Hanson wins face-off versus Sebastian Aho in neutral zone.
11:19 of 1st period - Alexandre Grenier is hit by Nikita Zadorov and loses puck.
11:31 of 1st period - Slapshot by David Kolomatis.
11:31 of 1st period - Deflect By Alexandre Grenier.
11:31 of 1st period - Stopped by Laurent Brossoit with a rebound.
11:33 of 1st period - Slapshot by Dillon Heatherington.
11:33 of 1st period - Shot Blocked by Anton Lindholm.
11:35 of 1st period - Slapshot by David Kolomatis.
11:35 of 1st period - Stopped by Laurent Brossoit with a rebound.
11:37 of 1st period - Wrist shot by Christian Hanson.
11:37 of 1st period - Goal by Christian Hanson - Wolfes : 1 - River Frogs : 1.
11:38 of 1st period - Martin Hanzal wins face-off versus Dominik Simon in neutral zone.
12:42 of 1st period - Aaron Ness is hit by Joe Morrow and loses puck.
13:41 of 1st period - Wrist shot by Andrew Gordon.
13:41 of 1st period - Stopped by Laurent Brossoit with a rebound.
13:43 of 1st period - Wrist shot by Andrew Gordon.
13:43 of 1st period - Stopped by Laurent Brossoit with a rebound.
14:05 of 1st period - Off-side.
14:06 of 1st period - Lawson Crouse wins face-off versus Dominik Simon in neutral zone.
14:06 of 1st period - Lawson Crouse is hit by Justin Florek.
14:10 of 1st period - Slapshot by Damon Severson.
14:10 of 1st period - Shot Blocked by Nikita Zadorov.
14:12 of 1st period - Wrist shot by Alexandre Grenier.
14:12 of 1st period - Shot Misses the Net.
14:24 of 1st period - Slapshot by Damon Severson.
14:24 of 1st period - Stopped by Eric Comrie with a rebound.
14:26 of 1st period - Slapshot by Damon Severson.
14:26 of 1st period - Shot Blocked by Ondrej Kase.
14:32 of 1st period - Justin Florek is hit by Lawson Crouse and loses puck.
15:01 of 1st period - Alexandre Grenier is hit by Justin Florek and loses puck.
15:31 of 1st period - Slapshot by Sebastian Aho.
15:31 of 1st period - Stopped by Eric Comrie without a rebound.
15:32 of 1st period - Christian Hanson wins face-off versus Martin Hanzal in River Frogs zone.
16:02 of 1st period - Wrist shot by Kyle Rau.
16:02 of 1st period - Stopped by Eric Comrie without a rebound.
16:03 of 1st period - Matthew Highmore wins face-off versus Ryan Fitzgerald in River Frogs zone.
16:04 of 1st period - Slapshot by Thomas Spelling.
16:04 of 1st period - Shot Misses the Net.
16:10 of 1st period - Snap shot by Thomas Spelling.
16:10 of 1st period - Shot Misses the Net.
16:12 of 1st period - Snap shot by Joe Morrow.
16:12 of 1st period - Shot Misses the Net.
16:14 of 1st period - Wrist shot by Eric Robinson.
16:14 of 1st period - Goal by Eric Robinson - Wolfes : 2 - River Frogs : 1.
16:15 of 1st period - Max Friberg wins face-off versus Christian Hanson in neutral zone.
17:12 of 1st period - Slapshot by Shea Theodore.
17:12 of 1st period - Shot Misses the Net.
17:14 of 1st period - Slapshot by Nikita Zadorov.
17:14 of 1st period - Stopped by Laurent Brossoit with a rebound.
17:23 of 1st period - Off-side.
17:24 of 1st period - Dominik Simon wins face-off versus Sebastian Aho in neutral zone.
17:34 of 1st period - Off-side.
17:35 of 1st period - Fredrik Olofsson wins face-off versus Christian Hanson in neutral zone.
17:50 of 1st period - Wrist shot by Max Friberg.
17:50 of 1st period - Shot Misses the Net.
18:04 of 1st period - Wrist shot by Ryan Fitzgerald.
18:04 of 1st period - Shot Misses the Net.
18:22 of 1st period - Snap shot by Martin Hanzal.
18:22 of 1st period - Stopped by Eric Comrie without a rebound.
18:23 of 1st period - Dominik Simon wins face-off versus Kyle Rau in River Frogs zone.
18:37 of 1st period - Snap shot by Dominik Simon.
18:37 of 1st period - Deflect By Justin Florek.
18:37 of 1st period - Stopped by Laurent Brossoit without a rebound.
18:38 of 1st period - Christian Hanson wins face-off versus Matthew Highmore in Wolfes zone.
18:45 of 1st period - Snap shot by Thomas Spelling.
18:45 of 1st period - Deflect By Eric Robinson.
18:45 of 1st period - Shot Misses the Net.
18:45 of 1st period - Puck is out of play.
18:46 of 1st period - Matthew Highmore wins face-off versus Christian Hanson in River Frogs zone.
19:43 of 1st period - Snap shot by Max Friberg.
19:43 of 1st period - Stopped by Eric Comrie with a rebound.
19:45 of 1st period - Snap shot by Jakub Zboril.
19:45 of 1st period - Shot Misses the Net.
Goals for this period are 2 for Wolfes vs 1 for River Frogs.
Shots for this period are 12 for Wolfes vs 12 for River Frogs.

2nd period


0:01 of 2nd period - Christian Hanson wins face-off versus Sebastian Aho in neutral zone.
0:26 of 2nd period - Lawson Crouse is hit by Bobby Farnham and loses puck.
0:39 of 2nd period - Snap shot by Sebastian Aho.
0:39 of 2nd period - Deflect By Alexandre Grenier.
0:39 of 2nd period - Shot Misses the Net.
0:39 of 2nd period - Puck is out of play.
0:40 of 2nd period - Christian Hanson wins face-off versus Max Friberg in River Frogs zone.
0:51 of 2nd period - Wrist shot by Martin Hanzal.
0:51 of 2nd period - Shot Misses the Net.
0:53 of 2nd period - Snap shot by Max Friberg.
0:53 of 2nd period - Goal by Max Friberg - Wolfes : 3 - River Frogs : 1.
0:54 of 2nd period - Christian Hanson wins face-off versus Kyle Rau in neutral zone.
1:07 of 2nd period - Snap shot by Christian Hanson.
1:07 of 2nd period - Stopped by Laurent Brossoit with a rebound.
1:09 of 2nd period - Slapshot by Shea Theodore.
1:09 of 2nd period - Shot Blocked by Anton Karlsson.
1:38 of 2nd period - Morgan Rielly is hit by Thomas Spelling and loses puck.
2:06 of 2nd period - Wrist shot by Christian Hanson.
2:06 of 2nd period - Stopped by Laurent Brossoit with a rebound.
2:08 of 2nd period - Slapshot by Morgan Rielly.
2:08 of 2nd period - Deflect By Sebastian Aho.
2:08 of 2nd period - Stopped by Laurent Brossoit with a rebound.
2:10 of 2nd period - Snap shot by Andrew Gordon.
2:10 of 2nd period - Stopped by Laurent Brossoit with a rebound.
3:36 of 2nd period - Alexandre Grenier is hit by Bobby Farnham and loses puck.
3:47 of 2nd period - Kyle Rau is hit by Joakim Nordstrom and loses puck.
4:34 of 2nd period - Jakub Zboril is hit by Emerson Etem and loses puck.
4:50 of 2nd period - Snap shot by Ryan Fitzgerald.
4:50 of 2nd period - Shot Blocked by Jakub Zboril.
5:00 of 2nd period - Wrist shot by Alexandre Grenier.
5:00 of 2nd period - Stopped by Eric Comrie without a rebound.
5:01 of 2nd period - Maxim Mamin wins face-off versus Sebastian Aho in River Frogs zone.
5:12 of 2nd period - Wrist shot by Mitch Marner.
5:12 of 2nd period - Shot Misses the Net.
5:14 of 2nd period - Backhand shot by Dillon Heatherington.
5:14 of 2nd period - Shot Misses the Net.
5:16 of 2nd period - Snap shot by Maxim Mamin.
5:16 of 2nd period - Stopped by Laurent Brossoit with a rebound.
5:26 of 2nd period - Dillon Heatherington is hit by Anton Lindholm.
5:50 of 2nd period - Snap shot by Kyle Rau.
5:50 of 2nd period - Shot Misses the Net.
5:54 of 2nd period - Slapshot by Victor Olofsson.
5:54 of 2nd period - Shot Misses the Net.
6:31 of 2nd period - Off-side.
6:32 of 2nd period - Sebastian Aho wins face-off versus Maxim Mamin in neutral zone.
6:41 of 2nd period - Slapshot by Alexandre Grenier.
6:41 of 2nd period - Shot Misses the Net.
6:43 of 2nd period - Snap shot by Lawson Crouse.
6:43 of 2nd period - Deflect By Sebastian Aho.
6:43 of 2nd period - Shot Blocked by Aaron Ness.
6:43 of 2nd period - Puck is out of play.
6:44 of 2nd period - Martin Hanzal wins face-off versus Christian Hanson in River Frogs zone.
6:55 of 2nd period - Wrist shot by Christian Hanson.
6:55 of 2nd period - Shot Blocked by Max Friberg.
7:01 of 2nd period - Anton Lindholm is hit by Emerson Etem and loses puck.
7:16 of 2nd period - Andrew Gordon is hit by Kyle Rau and loses puck.
8:05 of 2nd period - Slapshot by Aaron Ness.
8:05 of 2nd period - Stopped by Laurent Brossoit with a rebound.
8:07 of 2nd period - Slapshot by Dillon Heatherington.
8:07 of 2nd period - Deflect By Ryan Fitzgerald.
8:07 of 2nd period - Stopped by Laurent Brossoit with a rebound.
8:09 of 2nd period - Wrist shot by Bobby Farnham.
8:09 of 2nd period - Shot Misses the Net.
8:11 of 2nd period - Snap shot by David Kolomatis.
8:11 of 2nd period - Stopped by Laurent Brossoit without a rebound.
8:12 of 2nd period - Dominik Simon wins face-off versus Martin Hanzal in Wolfes zone.
8:23 of 2nd period - Slapshot by Max Friberg.
8:23 of 2nd period - Shot Misses the Net.
8:30 of 2nd period - Icing by David Kolomatis.
8:31 of 2nd period - Justin Florek wins face-off versus Sebastian Aho in River Frogs zone.
8:36 of 2nd period - Ondrej Kase is hit by Lawson Crouse and loses puck.
8:49 of 2nd period - Wrist shot by Dominik Simon.
8:49 of 2nd period - Stopped by Laurent Brossoit without a rebound.
8:50 of 2nd period - Christian Hanson wins face-off versus Martin Hanzal in Wolfes zone.
9:01 of 2nd period - Wrist shot by Andrew Gordon.
9:01 of 2nd period - Shot Misses the Net.
9:03 of 2nd period - Slapshot by Nikita Zadorov.
9:03 of 2nd period - Stopped by Laurent Brossoit with a rebound.
9:05 of 2nd period - Wrist shot by Andrew Gordon.
9:05 of 2nd period - Shot Misses the Net.
9:31 of 2nd period - Snap shot by Max Friberg.
9:31 of 2nd period - Shot Misses the Net.
9:33 of 2nd period - Slapshot by Max Friberg.
9:33 of 2nd period - Shot Blocked by Nikita Zadorov.
9:35 of 2nd period - Slapshot by Damon Severson.
9:35 of 2nd period - Stopped by Eric Comrie with a rebound.
9:37 of 2nd period - Snap shot by Max Friberg.
9:37 of 2nd period - Stopped by Eric Comrie with a rebound.
9:57 of 2nd period - Slapshot by Max Friberg.
9:57 of 2nd period - Shot Misses the Net.
9:59 of 2nd period - Wrist shot by Max Friberg.
9:59 of 2nd period - Stopped by Eric Comrie with a rebound.
10:01 of 2nd period - Slapshot by Michael Stone.
10:01 of 2nd period - Stopped by Eric Comrie without a rebound.
10:02 of 2nd period - Christian Hanson wins face-off versus Sebastian Aho in River Frogs zone.
10:34 of 2nd period - Snap shot by Thomas Spelling.
10:34 of 2nd period - Stopped by Eric Comrie with a rebound.
10:36 of 2nd period - Slapshot by Matthew Highmore.
10:36 of 2nd period - Goal by Matthew Highmore - Wolfes : 4 - River Frogs : 1.
10:37 of 2nd period - Sebastian Aho wins face-off versus Christian Hanson in neutral zone.
10:40 of 2nd period - Slapshot by Damon Severson.
10:40 of 2nd period - Shot Misses the Net.
11:08 of 2nd period - Snap shot by Andrew Gordon.
11:08 of 2nd period - Stopped by Laurent Brossoit with a rebound.
11:10 of 2nd period - Wrist shot by Andrew Gordon.
11:10 of 2nd period - Goal by Andrew Gordon - Wolfes : 4 - River Frogs : 2.
11:11 of 2nd period - Kyle Rau wins face-off versus Dominik Simon in neutral zone.
11:18 of 2nd period - Snap shot by Kyle Rau.
11:18 of 2nd period - Stopped by Eric Comrie without a rebound.
11:18 of 2nd period - Minor Penalty to Eric Comrie for Slashing.
11:19 of 2nd period - Kyle Rau wins face-off versus Emerson Etem in River Frogs zone.
11:26 of 2nd period - Snap shot by Thomas Spelling.
11:26 of 2nd period - Goal by Thomas Spelling - Wolfes : 5 - River Frogs : 2.
11:26 of 2nd period - Thomas Greiss enters game.
11:27 of 2nd period - Sebastian Aho wins face-off versus Christian Hanson in neutral zone.
11:33 of 2nd period - Snap shot by Damon Severson.
11:33 of 2nd period - Deflect By Sebastian Aho.
11:33 of 2nd period - Shot Misses the Net.
11:33 of 2nd period - Puck is out of play.
11:34 of 2nd period - Christian Hanson wins face-off versus Sebastian Aho in River Frogs zone.
11:36 of 2nd period - Minor Penalty to Andrew Gordon for Goalie Interference.
11:37 of 2nd period - Christian Hanson wins face-off versus Sebastian Aho in River Frogs zone.
12:04 of 2nd period - Off-side.
12:05 of 2nd period - Kyle Rau wins face-off versus Emerson Etem in neutral zone.
12:21 of 2nd period - Wrist shot by Thomas Spelling.
12:21 of 2nd period - Deflect By Kyle Rau.
12:21 of 2nd period - Goal by Kyle Rau - Wolfes : 6 - River Frogs : 2.
12:22 of 2nd period - Kyle Rau wins face-off versus Christian Hanson in neutral zone.
13:20 of 2nd period - Wrist shot by Mitch Marner.
13:20 of 2nd period - Stopped by Laurent Brossoit without a rebound.
13:21 of 2nd period - Matthew Highmore wins face-off versus Andrew Gordon in Wolfes zone.
13:30 of 2nd period - Snap shot by Eric Robinson.
13:30 of 2nd period - Stopped by Thomas Greiss without a rebound.
13:31 of 2nd period - Matthew Highmore wins face-off versus Christian Hanson in River Frogs zone.
13:38 of 2nd period - Snap shot by Christian Hanson.
13:38 of 2nd period - Deflect By Emerson Etem.
13:38 of 2nd period - Shot Blocked by Michael Stone.
13:38 of 2nd period - Puck is out of play.
13:39 of 2nd period - Christian Hanson wins face-off versus Kyle Rau in Wolfes zone.
13:43 of 2nd period - Icing by Jeffrey Foss.
13:44 of 2nd period - Christian Hanson wins face-off versus Kyle Rau in Wolfes zone.
14:06 of 2nd period - Minor Penalty to Matt Grzelcyk for Interference.
14:07 of 2nd period - Emerson Etem wins face-off versus Sebastian Aho in River Frogs zone.
14:38 of 2nd period - Snap shot by Kyle Rau.
14:38 of 2nd period - Shot Hit the Post.
14:40 of 2nd period - Slapshot by Jeffrey Foss.
14:40 of 2nd period - Shot Misses the Net.
16:06 of 2nd period - Penalty to Matt Grzelcyk is over, Matt Grzelcyk is back on ice.
16:10 of 2nd period - Wrist shot by Alexandre Grenier.
16:10 of 2nd period - Goal by Alexandre Grenier - Wolfes : 7 - River Frogs : 2.
16:11 of 2nd period - Anton Karlsson wins face-off versus Dominik Simon in neutral zone.
16:14 of 2nd period - Shea Theodore is hit by Victor Olofsson and loses puck.
17:08 of 2nd period - Slapshot by Damon Severson.
17:08 of 2nd period - Shot Hit the Post.
18:09 of 2nd period - Snap shot by Christian Hanson.
18:09 of 2nd period - Shot Misses the Net.
18:49 of 2nd period - Snap shot by Thomas Spelling.
18:49 of 2nd period - Stopped by Thomas Greiss with a rebound.
19:20 of 2nd period - Icing by Morgan Rielly.
19:21 of 2nd period - Maxim Mamin wins face-off versus Sebastian Aho in River Frogs zone.
19:21 of 2nd period - Maxim Mamin is hit by Jeffrey Foss.
19:31 of 2nd period - Snap shot by Sebastian Aho.
19:31 of 2nd period - Deflect By Alexandre Grenier.
19:31 of 2nd period - Shot Misses the Net.
19:31 of 2nd period - Puck is out of play.
19:32 of 2nd period - Sebastian Aho wins face-off versus Christian Hanson in River Frogs zone.
19:57 of 2nd period - Snap shot by Emerson Etem.
19:57 of 2nd period - Deflect By Lawson Crouse.
19:57 of 2nd period - Goal by Emerson Etem - Wolfes : 7 - River Frogs : 3.
19:58 of 2nd period - Christian Hanson wins face-off versus Martin Hanzal in neutral zone.
Goals for this period are 5 for Wolfes vs 2 for River Frogs.
Shots for this period are 14 for Wolfes vs 14 for River Frogs.

3rd period


0:01 of 3rd period - Martin Hanzal wins face-off versus Christian Hanson in neutral zone.
0:04 of 3rd period - Slapshot by Damon Severson.
0:04 of 3rd period - Deflect By Max Friberg.
0:04 of 3rd period - Stopped by Thomas Greiss without a rebound.
0:05 of 3rd period - Martin Hanzal wins face-off versus Christian Hanson in River Frogs zone.
0:06 of 3rd period - Snap shot by Max Friberg.
0:06 of 3rd period - Goal by Max Friberg - Wolfes : 8 - River Frogs : 3.
0:07 of 3rd period - Christian Hanson wins face-off versus Martin Hanzal in neutral zone.
0:32 of 3rd period - Max Friberg is hit by Nikita Zadorov and loses puck.
0:49 of 3rd period - Wrist shot by Max Friberg.
0:49 of 3rd period - Deflect By Martin Hanzal.
0:49 of 3rd period - Shot Blocked by Aaron Ness.
0:49 of 3rd period - Puck is out of play.
0:50 of 3rd period - Christian Hanson wins face-off versus Sebastian Aho in River Frogs zone.
0:50 of 3rd period - Christian Hanson is hit by Jeffrey Foss.
0:53 of 3rd period - Minor Penalty to Emerson Etem for Interference.
0:54 of 3rd period - Sebastian Aho wins face-off versus Beau Starrett in River Frogs zone.
1:00 of 3rd period - Wrist shot by Sebastian Aho.
1:00 of 3rd period - Shot Blocked by Christian Hanson.
1:20 of 3rd period - Fredrik Olofsson is hit by Christian Hanson and loses puck.
2:53 of 3rd period - Penalty to Emerson Etem is over, Emerson Etem is back on ice.
2:55 of 3rd period - Minor Penalty to Kyle Rau for Holding Stick.
2:56 of 3rd period - Alexandre Grenier wins face-off versus Andrew Gordon in Wolfes zone.
4:55 of 3rd period - Penalty to Kyle Rau is over, Kyle Rau is back on ice.
5:28 of 3rd period - Snap shot by Max Friberg.
5:28 of 3rd period - Stopped by Thomas Greiss without a rebound.
5:29 of 3rd period - Matthew Highmore wins face-off versus Ryan Fitzgerald in River Frogs zone.
5:40 of 3rd period - Slapshot by Thomas Spelling.
5:40 of 3rd period - Shot Misses the Net.
5:42 of 3rd period - Wrist shot by Matthew Highmore.
5:42 of 3rd period - Shot Misses the Net.
5:44 of 3rd period - Slapshot by Damon Severson.
5:44 of 3rd period - Shot Blocked by Aaron Ness.
6:39 of 3rd period - Minor Penalty to Eric Robinson for Hooking.
6:40 of 3rd period - Christian Hanson wins face-off versus Alexandre Grenier in Wolfes zone.
6:43 of 3rd period - Wrist shot by Emerson Etem.
6:43 of 3rd period - Stopped by Laurent Brossoit without a rebound.
6:44 of 3rd period - Christian Hanson wins face-off versus Alexandre Grenier in Wolfes zone.
7:14 of 3rd period - Joe Morrow is hit by Shea Theodore and loses puck.
7:19 of 3rd period - Slapshot by Shea Theodore.
7:19 of 3rd period - Stopped by Laurent Brossoit with a rebound.
7:21 of 3rd period - Slapshot by Emerson Etem.
7:21 of 3rd period - Stopped by Laurent Brossoit without a rebound.
7:22 of 3rd period - Alexandre Grenier wins face-off versus Dominik Simon in Wolfes zone.
7:57 of 3rd period - Michael Stone is hit by Dominik Simon and loses puck.
8:39 of 3rd period - Penalty to Eric Robinson is over, Eric Robinson is back on ice.
9:22 of 3rd period - Slapshot by Aaron Ness.
9:22 of 3rd period - Deflect By Mitch Marner.
9:22 of 3rd period - Shot Blocked by Damon Severson.
9:22 of 3rd period - Puck is out of play.
9:23 of 3rd period - Matthew Highmore wins face-off versus Maxim Mamin in Wolfes zone.
9:27 of 3rd period - Off-side.
9:28 of 3rd period - Maxim Mamin wins face-off versus Matthew Highmore in neutral zone.
9:42 of 3rd period - Minor Penalty to Eric Robinson for Diving.
9:43 of 3rd period - Alexandre Grenier wins face-off versus Christian Hanson in Wolfes zone.
10:53 of 3rd period - Joe Morrow is hit by Morgan Rielly and loses puck.
11:13 of 3rd period - Icing by Shea Theodore.
11:14 of 3rd period - Max Friberg wins face-off versus Dominik Simon in River Frogs zone.
11:23 of 3rd period - Wrist shot by Kyle Rau.
11:23 of 3rd period - Shot Blocked by Shea Theodore.
11:38 of 3rd period - Icing by Christian Hanson.
11:39 of 3rd period - Christian Hanson wins face-off versus Alexandre Grenier in River Frogs zone.
11:42 of 3rd period - Penalty to Eric Robinson is over, Eric Robinson is back on ice.
13:08 of 3rd period - Slapshot by Sebastian Aho.
13:08 of 3rd period - Shot Hit the Post.
13:10 of 3rd period - Backhand shot by Anton Lindholm.
13:10 of 3rd period - Deflect By Lawson Crouse.
13:10 of 3rd period - Shot Misses the Net.
13:10 of 3rd period - Puck is out of play.
13:11 of 3rd period - Sebastian Aho wins face-off versus Christian Hanson in River Frogs zone.
13:52 of 3rd period - Snap shot by Emerson Etem.
13:52 of 3rd period - Shot Misses the Net.
13:54 of 3rd period - Snap shot by Christian Hanson.
13:54 of 3rd period - Stopped by Laurent Brossoit with a rebound.
13:56 of 3rd period - Snap shot by Emerson Etem.
13:56 of 3rd period - Shot Blocked by Anton Lindholm.
13:58 of 3rd period - Wrist shot by Emerson Etem.
13:58 of 3rd period - Deflect By Andrew Gordon.
13:58 of 3rd period - Stopped by Laurent Brossoit with a rebound.
14:37 of 3rd period - Snap shot by Andrew Gordon.
14:37 of 3rd period - Shot Misses the Net.
14:49 of 3rd period - Slapshot by Shea Theodore.
14:49 of 3rd period - Stopped by Laurent Brossoit with a rebound.
14:51 of 3rd period - Wrist shot by Emerson Etem.
14:51 of 3rd period - Shot Hit the Post.
14:53 of 3rd period - Snap shot by Emerson Etem.
14:53 of 3rd period - Deflect By Andrew Gordon.
14:53 of 3rd period - Stopped by Laurent Brossoit without a rebound.
14:54 of 3rd period - Dominik Simon wins face-off versus Martin Hanzal in Wolfes zone.
16:04 of 3rd period - Ondrej Kase is hit by Eric Robinson and loses puck.
16:21 of 3rd period - Bobby Farnham is hit by Fredrik Olofsson and loses puck.
16:34 of 3rd period - Joakim Nordstrom is hit by Jakub Zboril and loses puck.
16:39 of 3rd period - Snap shot by Kyle Rau.
16:39 of 3rd period - Shot Misses the Net.
17:24 of 3rd period - Thomas Spelling is hit by Austin Watson and loses puck.
17:52 of 3rd period - Andrew Gordon is hit by Anton Karlsson and loses puck.
18:13 of 3rd period - Matt Grzelcyk is hit by Lawson Crouse and loses puck.
18:20 of 3rd period - Snap shot by Sebastian Aho.
18:20 of 3rd period - Deflect By Shea Theodore.
18:20 of 3rd period - Shot Misses the Net.
18:20 of 3rd period - Puck is out of play.
18:21 of 3rd period - Ryan Fitzgerald wins face-off versus Martin Hanzal in River Frogs zone.
18:23 of 3rd period - Icing by Aaron Ness.
18:24 of 3rd period - Martin Hanzal wins face-off versus Ryan Fitzgerald in River Frogs zone.
18:31 of 3rd period - Slapshot by Ryan Fitzgerald.
18:31 of 3rd period - Shot Misses the Net.
19:18 of 3rd period - Backhand shot by Joe Morrow.
19:18 of 3rd period - Shot Blocked by Shea Theodore.
19:31 of 3rd period - Off-side.
19:32 of 3rd period - Kyle Rau wins face-off versus Maxim Mamin in neutral zone.
19:57 of 3rd period - Snap shot by Christian Hanson.
19:57 of 3rd period - Stopped by Laurent Brossoit with a rebound.
Goals for this period are 1 for Wolfes vs 0 for River Frogs.
Shots for this period are 3 for Wolfes vs 8 for River Frogs.